 Dungeon Crawl Stone Soup version 0.30-a0-778-g2ef04afb54 (webtiles) character file.

Game seed: 6115233770537141706

14 Esekla the Sneak (level 2, 0/21 HPs)
             Began as an Octopode Delver on Feb 16, 2023.
             Succumbed to an adder's poison
             ... on level 5 of the Dungeon.
             The game lasted 00:01:01 (89 turns).

Esekla the Sneak (Octopode Delver)                    Turns: 89, Time: 00:01:01

Health: 0/21       AC:  1    Str: 11    XL:     2   Next: 45%
Magic:  2/2        EV: 13    Int: 12    God:
Gold:   20         SH:  0    Dex: 13    Spells: 1/1 levels left

rFire   . . .      SeeInvis .    a - +0 falchion
rCold   . . .      Faith    .    (no shield)
rNeg    . . .      Spirit   .    (helmet restricted)
rPois   .          Reflect  .    (no amulet)
rElec   .          Harm     .    (no ring)
rCorr   .          Rampage  .    (no ring)
Will    .....                    (no ring)
Stlth   ++++                     (no ring)
HPRegen 0.23/turn                (no ring)
MPRegen 0.08/turn                (no ring)
                                 (no ring)
                                 (no ring)

@: lethally poisoned (0 -> -1), hasted, very quick
A: almost no armour, amphibious, 8 rings, camouflage 1, gelatinous body 1,
(nimble swimmer 1), tentacles
a: no special abilities


You were on level 5 of the Dungeon.
You visited 1 branch of the dungeon, and saw 1 of its levels.

You collected 20 gold pieces.

Inventory:

Hand Weapons
 a - a +0 falchion (weapon)
Wands
 f - a wand of digging (3)
Scrolls
 b - a scroll of fog
 c - a scroll of teleportation {unknown}
 d - a scroll of fear


   Skills:
 + Level 3.1 Fighting
 + Level 2.1 Long Blades
 + Level 2.0 Dodging
 + Level 7.1 Stealth


You had one spell level left.
You didn't know any spells.
Your spell library was empty.

Dungeon Overview and Level Annotations

Branches:
Dungeon (5/15)
 Temple: D:4-7

Altars:
Qazlal


Innate Abilities, Weirdness & Mutations

You cannot wear most types of armour.
You are amphibious.
You can wear up to eight rings at the same time.
Your skin changes colour to match your surroundings (Stealth+).
Your rubbery body absorbs attacks. (AC +1, EV +1)
((You are camouflaged when in or above water. (Stealth+)))
You have tentacles for arms and can constrict up to eight enemies at once.


Message History

The adder is moderately wounded.
The phantom closely misses you. The adder barely misses you.
You closely miss the adder. Your grab misses the adder.
The adder is moderately wounded.
The adder bites you. The phantom barely misses you.
You hit the adder but do no damage. Your grab misses the adder.
The adder is moderately wounded.
The adder bites you. The phantom closely misses you.
You miss the adder. Your grab misses the adder.
You squeeze the adder, but do no damage.
The adder is moderately wounded.
The adder closely misses you.
You closely miss the adder. Your grab misses the adder.
Your squeeze misses the adder.
The adder is moderately wounded.
The phantom barely misses you. The adder bites you.
You are poisoned.
The adder poisons you!
You closely miss the adder. Your grab misses the adder.
The adder is moderately wounded.
You feel sick. The adder barely misses you. The phantom misses you.
You hit the adder. You grab the adder.
The adder is severely wounded.
You constrict the adder.
You feel sick. The adder bites you.
* * * LOW HITPOINT WARNING * * *
The phantom hits you.
* * * LOW HITPOINT WARNING * * *
You hit the adder.
You kill the adder!
* * * LOW HITPOINT WARNING * * *
You feel sick.
Your Stealth skill increases to level 7!
You have reached level 2!
You aren't carrying any potions.
You closely miss the phantom.
* * * LOW HITPOINT WARNING * * *
You feel sick. The phantom misses you.
You hit the phantom.
The phantom is moderately damaged.
You die...

**,* *..............# #.
*,,** *#.<..........## #.
*,,,*** *#...........# ##.
*,,,,,** *#.........##
####.. *,*,,,,**
*#.......#####.....
*,*,,,,,**
##.....###....###.
***,,,,,,,,**
##..#....##### #.
*,,,,,,,,...#####.....####
## ,***,,,,,.[.....@W.####
# ** ***,,,......##### #
***,.....,* **..##***
****.,,** **,**,,,,**
****** **,,,,,,,,,*
**,,,,** **,,,,,,,,,,**
**,,,,,,* **,,,,***+***,**
**,,,,,,,**


You could see a phantom.

Vanquished Creatures
  An adder (D:5)
  An ufetubus (D:5)
2 creatures vanquished.

Notes
Turn   | Place    | Note
-------+----------+-------------------------------------------
     0 | D:5      | Esekla the Octopode Delver began the quest for the Orb.
     0 | D:5      | Reached XP level 1. HP: 16/16 MP: 1/1
    18 | D:5      | Found a stormy altar of Qazlal.
    20 | D:5      | Noticed a water elemental
    61 | D:5      | Noticed a phantom
    88 | D:5      | Reached skill level 7 in Stealth
    88 | D:5      | Reached XP level 2. HP: 2/21 MP: 2/2
    88 | D:5      | HP: 1/21 [poisoned by an adder]
    89 | D:5      | Succumbed to an adder's poison

Illustrated notes

Levels and vault maps discovered:
D:5:      layout_cave_pods, nicolae_vehumet_altar_sigil, trog_hazing_becter,
          nicolae_qazlal_style_of_elements, minmay_misc_feat_columns,
          minmay_a_box_with_orc_wizards_in_it

Skill      XL: |  1 |
---------------+----+-----
Stealth        | 7 |  7.1
Fighting       | |  3.1
Long Blades    | |  2.1
Dodging        | |  2.0

Action                     || total
---------------------------++-------
  Melee: Falchion          ||    15
         Constrict         ||     2
         Tentacles         ||     1
    Use: Scroll            ||     1
         Potion            ||     1
  Dodge: Dodged            ||    15

Table legend: (Time is in decaauts)
 A = Elapsed time spent in this place.
 B = Non-inter-level travel time spent in this place.
 C = Inter-level travel time spent in this place.
 D = Time resting spent in this place.
 E = Time spent auto-exploring this place.
 F = Levels seen in this place.
 G = Mean time per level.
                   A        B        C        D        E       F      G
               +--------+--------+--------+--------+--------+-----+--------+
         Total |     86 |     86 |      0 |      0 |      0 |   1 |   86.0 |
       Dungeon |     86 |     86 |      0 |      0 |      0 |   1 |   86.0 |
               +--------+--------+--------+--------+--------+-----+--------+

Top non-repeatable levels by time:
     D:5: 86 daAuts
